 Dungeon Crawl Stone Soup version 0.23-a0-171-g5ae17c6 (webtiles) character file.

37 Kikal the Scratcher (level 3, -6/15 HPs)
             Began as a Felid Transmuter on Sept 12, 2018.
             Mangled by a gnoll
             ... wielding a +0 whip
              (13 damage)
             ... on level 2 of the Dungeon.
             The game lasted 00:03:36 (1327 turns).

Kikal the Scratcher (Felid Transmuter)              Turns: 1327, Time: 00:03:37

Health: -6/15      AC:  1    Str:  6    XL:     3   Next: 23%
Magic:  5/7        EV: 18    Int: 15    God:
Gold:   92         SH:  0    Dex: 16    Spells: 3/6 levels left
                                        Lives:  0   Deaths: 0

rFire    . . .     SeeInvis +     - Unarmed
rCold    . . .     Gourm    .   (shield unavailable)
rNeg     . . .     Faith    .   (armour unavailable)
rPois    .         Spirit   .   (helmet unavailable)
rElec    .         Reflect  .   (cloak unavailable)
rCorr    .         Harm     .   (gloves unavailable)
MR       .....                  (boots unavailable)
Stlth    ++........             (no amulet)
HPRegen  0.05/turn              (no ring)
MPRegen  0.10/turn              (no ring)

@: quick
A: very small, no armour, no weapons or thrown items, stealth, claws 1, fangs 3,
see invisible, carnivore, speed 1, shaggy fur 1, slow metabolism 1, sharp paws
a: no special abilities


You were on level 2 of the Dungeon.
You were very full.

You visited 1 branch of the dungeon, and saw 2 of its levels.

You collected 92 gold pieces.

Inventory:

Missiles
 a - 23 arrows
Scrolls
 d - a scroll of random uselessness {unknown}
 e - 3 scrolls of remove curse {unknown}
 h - a scroll of identify {unknown}
 i - a scroll of immolation {unknown}
 j - 2 scrolls of teleportation {unknown}
 k - a scroll of fear {unknown}
Potions
 b - a potion of brilliance {unknown}
 f - a potion of curing {unknown}
 g - a potion of invisibility {unknown}
 l - a potion of lignification {unknown}
Comestibles
 c - 4 rations


   Skills:
 - Level 1.0 Fighting
 - Level 2.6 Dodging
 + Level 3.7 Unarmed Combat
 - Level 2.0 Spellcasting
 + Level 3.3 Transmutations


You had 3 spell levels left.
You knew the following spells:

 Your Spells              Type           Power        Failure   Level  Hunger
a - Beastly Appendage     Tmut           ##....       6%          1    #......
b - Sticks to Snakes      Tmut           ##......     9%          2    ###....

Your spell library contained the following spells:

 Spells                   Type           Power        Failure   Level  Hunger
 Spider Form              Tmut/Pois      #.........   34%         3    ###....
 Ice Form                 Ice/Tmut       #.......     75%         4    #####..
 Blade Hands              Tmut           ##........   85%         5    ######.


Dungeon Overview and Level Annotations

Branches:
Dungeon (2/15)

Altars:


Innate Abilities, Weirdness & Mutations

You cannot wear armour.
You are incapable of wielding weapons or throwing items.
Your paws allow you to move quietly. (Stealth)
You have sharp claws.
You have razor-sharp teeth.
You have supernaturally acute eyesight. (SInv)
You are carnivorous and can eat meat at any time.
You cover ground quickly.
You are covered in fur. (AC +1)
You have a slow metabolism.
Your sharp claws are effective at attacking unaware monsters.


Message History

Your ball python barely misses the gnoll.
Your ball python grabs the gnoll.
Your ball python constricts the gnoll.
The gnoll closely misses you.
Your ball python bites the gnoll but does no damage.
Your ball python constricts the gnoll.
You claw the gnoll!
You kill the gnoll!
You have reached level 3!
Your experience leads to an increase in your attributes!
Increase (S)trength, (I)ntelligence, or (D)exterity?
You feel clever.
You regained 2 hp, and now have 10/15 hp.
You swap places.
Things that are here:
a flail; a leather armour The gnoll hits you with a whip.
You take 3 damage, and have 7/15 hp.
You scratch the gnoll. The gnoll hits you with a whip!
Ouch! That really hurt!
You die...

.#######.##..###....... .
.........)............#
#.#########...#.######....#
#.......# #.#>....# #....#
........###.#...#.# #....#
................#.# #....#
#####..###.#.#.#.# #....#
#......#.#.#.####....#
#....@S#.#.#..........
#(...g.#....(####....#
#......#.#.#.# #....#
#.....?#.#.# #....#
#......#...# ######
#......# #......# #..#+#.#
##.# .#


You could see a gnoll and a friendly ball python.

Vanquished Creatures
  A gnoll (D:2)
  2 leopard geckos (D:1)
  A ball python (D:1)
  6 bats (D:1)
  3 goblins (D:1)
  2 hobgoblins (D:1)
  3 kobolds (D:1)
  2 frilled lizards
  5 rats
25 creatures vanquished.

Notes
Turn   | Place    | Note
-------+----------+-------------------------------------------
     0 | D:1      | Kikal the Felid Transmuter began the quest for the Orb.
     0 | D:1      | Reached XP level 1. HP: 9/9 MP: 4/4
   291 | D:1      | Reached XP level 2. HP: 12/12 MP: 6/6
   295 | D:1      | Learned a level 2 spell: Sticks to Snakes
   790 | D:1      | Reached skill level 3 in Transmutations
  1315 | D:2      | Reached XP level 3. HP: 10/15 MP: 4/7
  1327 | D:2      | Mangled by a gnoll

Vault maps used:
D:1:      onia_arrival_mini_maze_b, hangedman_decor_push
D:2:      cheibrodos_helix_gallery, lemuel_round_altar, first_ration

Skill      XL: |  1  2 |
---------------+-------+-----
Transmutations | 3 |  3.3
Fighting       | |  1.0
Dodging        | |  2.6
Unarmed Combat | |  3.7
Spellcasting   | |  2.0

Action                   || total
-------------------------++-------
Melee: Unarmed           ||    67
       Bite              ||     6
       Headbutt          ||     2
       Punch             ||     2
 Cast: Beastly Appendage ||    10
       Sticks to Snakes  ||     1
 Stab: Sleeping          ||     5
  Eat: Chunk             ||     7
Armor: Skin              ||     4
Dodge: Dodged            ||    62

Table legend:
 A = Non-vault XP
 B = Vault XP
 C = Vault XP percentage of total XP
 D = Non-vault monster count
 E = Vault monster count
 F = Vault count percentage of total count
                 A         B        C        D         E       F
            +---------+---------+-------+---------+---------+-------
      Total |      54 |       0 |   0.0 |      25 |       0 |   0.0
            +---------+---------+-------+---------+---------+-------
        D:1 |      37 |       0 |   0.0 |      22 |       0 |   0.0
        D:2 |      17 |       0 |   0.0 |       3 |       0 |   0.0
            +---------+---------+-------+---------+---------+-------
